AoeStats
← CryAndDie

Arena

511762011Analyzed
1v1 RM · 15d ago on Oct 6, 2026· 36m 40s· 2 players
Game mode
Random Map
Map size
Tiny (2 player)
Population
200
Speed
Normal
Resources
Standard
Victory
Conquest
Starting age
Dark Age
Ending age
Imperial Age
RankedLock teamsTeams togetherTeam positionsShared explorationLock speedFull tech treeHidden civsTurbo modeCheats
Victory
Defeat
🇳🇱 Persians · Netherlands
1070
+17
vs
🇮🇱 Burgundians · Israel
1081
-17
Simple
10:27 Feudal Age
11:54 Double-Bit Axe
14:47 Castle Age
14:04 Horse Collar
17:28 Bow Saw
20:37 Wheelbarrow
19:52 Loom
19:56 Town Watch
21:11 Heavy Plow
22:18 Scale Barding Armor
23:39 Chain Barding Armor
23:44 Hand Cart
25:08 Fletching
26:11 Forging
29:08 Imperial Age
27:07 Bloodlines
26:58 Husbandry
27:35 Iron Casting
27:13 Bodkin Arrow
27:38 Padded Archer Armor
27:34 Gold Mining
27:43 Stone Mining
27:53 Stone Mining
27:52 Elite Skirmisher
28:40 Thumb Ring
28:59 Ballistics
28:36 Murder Holes
30:14 Plate Barding Armor
29:00 Cavalier
31:01 Gold Shaft Mining
30:58 Savar
33:28 Leather Archer Armor
34:14 Blast Furnace
35:51 Ring Archer Armor
CryAndDie
6:03 Horse Collar
7:46 Double-Bit Axe
12:11 Feudal Age
12:51 Heavy Plow
15:51 Castle Age
14:54 Bow Saw
14:52 Stone Mining
15:45 Wheelbarrow
14:57 Town Watch
29:01 Imperial Age
26:19 Loom
27:44 Two-Man Saw
27:05 Town Patrol
27:57 Crop Rotation
27:50 Hand Cart
28:39 Stone Shaft Mining
27:54 Gold Mining
28:44 Burgundian Vineyards
29:12 Fortified Wall
29:18 Squires
29:04 Arson
28:40 Man-at-Arms
28:42 Pikeman
28:46 Elite Skirmisher
30:45 Chemistry
29:36 Fletching
29:46 Padded Archer Armor
30:31 Gold Shaft Mining
30:19 Bodkin Arrow
30:39 Light Cavalry
31:20 Husbandry
32:01 Leather Archer Armor
32:01 Bracer
33:03 Scale Barding Armor
33:08 Forging
33:01 Scale Mail Armor
33:12 Forging
Connection lost

Rejoining the realm…

Still unreachable

The connection could not be restored.

Session expired

The server has moved on; the page needs a fresh start.